 Dungeon Crawl Stone Soup version 0.29-a0-757-g358383bc75 (webtiles) character file.

Game seed: 16061296107601928676

886 sanka the Conjurer (level 8, -1/58 HPs)
             Began as a Gnoll Conjurer on June 30, 2022.
             Slain by an ice beast (13 damage)
             ... on level 4 of the Dungeon.
             The game lasted 00:08:30 (5112 turns).

sanka the Conjurer (Gnoll Conjurer)                 Turns: 5112, Time: 00:08:30

Health: -1/58      AC:  3    Str: 13    XL:     8   Next: 5%
Magic:  7/16       EV: 17    Int: 20    God:
Gold:   181        SH:  0    Dex: 10    Spells: 15/18 levels left

rFire   . . .      SeeInvis .   a - +1 whip (elec)
rCold   . . .      Faith    .   (no shield)
rNeg    . . .      Spirit   .   g - +0 robe
rPois   .          Reflect  .   c - +0 helmet
rElec   .          Harm     .   (no cloak)
rCorr   .          Rampage  .   (no gloves)
Will    .....                   (no boots)
Stlth   +++.......              (no amulet)
HPRegen 0.19/turn               o - +6 ring of strength
MPRegen 0.15/turn               h - +4 ring of evasion

@: no status effects
A: fangs 1, strong nose, distributed training
a: no special abilities


You were on level 4 of the Dungeon.
You visited 1 branch of the dungeon, and saw 4 of its levels.
You also visited: Sewer.

You collected 181 gold pieces.


Innate Abilities, Weirdness & Mutations

You have very sharp teeth.
Your uncanny sense of smell can sniff out nearby items.
Your experience applies equally to all skills.


   Skills:
 + Level 3.0 Fighting
 + Level 3.0 Short Blades
 + Level 3.0 Long Blades
 + Level 3.0 Axes
 + Level 3.0 Maces & Flails
 + Level 3.0 Polearms
 + Level 3.0 Staves
 + Level 3.0 Ranged Weapons
 + Level 3.0 Throwing
 + Level 3.0 Armour
 + Level 5.5 Dodging
 + Level 5.2 Stealth
 + Level 3.0 Shields
 + Level 3.0 Unarmed Combat
 + Level 5.9 Spellcasting
 + Level 7.5 Conjurations
 + Level 2.4 Hexes
 + Level 2.4 Summonings
 + Level 2.4 Necromancy
 + Level 2.4 Translocations
 + Level 2.4 Transmutations
 + Level 2.4 Fire Magic
 + Level 2.4 Ice Magic
 + Level 2.4 Air Magic
 + Level 2.4 Earth Magic
 + Level 2.4 Poison Magic
 + Level 3.3 Invocations
 + Level 3.0 Evocations


You had 15 spell levels left.
You knew the following spells:

 Your Spells              Type           Power      Damage    Failure   Level
x - Searing Ray           Conj           72%        2d7       1%          2
z - Magic Dart            Conj           100%       1d8       1%          1

Your spell library contained the following spells:

 Spells                   Type           Power      Damage    Failure   Level
 Dazzling Flash           Conj/Hex       52%        N/A       4%          3
 Fulminant Prism          Conj/Hex       13%        3d9       13%         4
 Iskenderun's Mystic Bla  Conj/Tloc      26%        2d7       13%         4

Inventory:

Hand Weapons
 a - a +1 whip of electrocution (weapon)
 b - a +0 dagger
 v - a +2 flail of holy wrath
Missiles
 w - 28 poisoned darts
 y - 2 curare-tipped darts {=f}
Armour
 c - a +0 helmet (worn)
 g - a +0 robe (worn)
Magical Staves
 p - a staff of poison
Jewellery
 h - a +4 ring of evasion (right hand)
 o - a +6 ring of strength (left hand)
Scrolls
 d - a scroll of fear {unknown}
 e - 2 scrolls of enchant armour {unknown}
 i - 2 scrolls of enchant weapon {unknown}
 j - 6 scrolls of identify {unknown}
 m - 2 scrolls of teleportation {unknown}
 u - a scroll of magic mapping {unknown}
 x - a scroll of poison {unknown}
Potions
 f - 3 potions of magic
 k - a potion of attraction {unknown}
 l - 3 potions of might {unknown}
 n - 4 potions of cancellation {unknown}
 q - 2 potions of curing {unknown}
 r - 2 potions of mutation {unknown}
 s - a potion of lignification {unknown}
 t - a potion of resistance {unknown}
 z - 2 potions of haste {unknown}
 A - a potion of brilliance {unknown}
 B - a potion of heal wounds {unknown}

Dungeon Overview and Level Annotations

Branches:
Dungeon (4/15)              Sewer (visited)
 Temple: D:4-7

Altars:
Gozag
Kikubaaqudgha
Sif Muna
Uskayaw
Yredelemnul

▒.▒
▒.▒
▒.▒
▒.▒
▒.▒
▒.▒
▒.▒
▒.▒
▒g▒
▒Y▒
▒.▒
..▒
...
▒▒▒▒
∆


You could see an ice beast.


Message History

The ice beast hits you. The ice beast freezes you!
The searing ray hits the ice beast!
The ice beast is moderately wounded.
The ice beast closely misses you.
The searing ray misses the ice beast.
The ice beast hits you. The ice beast freezes you!
The searing ray hits the ice beast.
The ice beast is moderately wounded.
You finish channelling your searing ray.
The ice beast hits you. The ice beast freezes you.
* * * LOW HITPOINT WARNING * * *
Aiming: Searing Ray (safe; 1% risk of failure)
Aim: an ice beast (moderately wounded, 81% to hit)
The searing ray hits the ice beast!
The ice beast is severely wounded. (Press . to maintain the ray.)
The ice beast hits you.
* * * LOW HITPOINT WARNING * * *
The ice beast freezes you!
* * * LOW HITPOINT WARNING * * *
Your magical contamination has completely faded away.
The searing ray hits the ice beast.
The ice beast is severely wounded.
The ice beast hits you.
* * * LOW HITPOINT WARNING * * *
The ice beast freezes you!
You die...

Action                   |  1- 3 |  4- 6 |  7- 9 || total
-------------------------+-------+-------+-------++-------
Melee: Flail             |       |     3 |       ||     3
       Whip              |       |    15 |    10 ||    25
       Punch             |       |     1 |       ||     1
 Cast: Magic Dart        |    55 |    77 |    38 ||   170
       Searing Ray       |       |    14 |    14 ||    28
Armor: Robe              |       |     5 |     5 ||    10
Dodge: Dodged            |     2 |    36 |    81 ||   119

Levels and vault maps discovered:
D:1:      nicolae_arrival_washed_ashore, layout_basic
D:2:      layout_rooms
D:3:      layout_loops_ring, yredelemnul_forgotten_temple_becter,
          nicolae_overflow_hidden_temple, dreamdust_ecumenical_altar_grove,
          roderic_lattice_a, hangedman_abyss_or_decor_stabs, minmay_distorted
D:4:      layout_loops_ring, nicolae_uskayaw_en_pointe, kennysheep_slug_shrine,
          portal_sewer_entry_a, nrook_uturn

Notes
Turn   | Place    | Note
-------+----------+-------------------------------------------
     0 | D:1      | sanka the Gnoll Conjurer began the quest for the Orb.
     0 | D:1      | Reached XP level 1. HP: 13/13 MP: 6/6
   175 | D:1      | Reached XP level 2. HP: 19/19 MP: 1/7
   394 | D:1      | Reached skill level 5 in Spellcasting
   394 | D:1      | Reached XP level 3. HP: 25/25 MP: 4/9
   467 | D:1      | Learned a level 2 spell: Searing Ray
   584 | D:1      | Reached skill level 1 in Invocations
  1061 | D:2      | Reached skill level 1 in Fighting
  1061 | D:2      | Reached skill level 1 in Short Blades
  1061 | D:2      | Reached skill level 1 in Long Blades
  1061 | D:2      | Reached skill level 1 in Axes
  1061 | D:2      | Reached skill level 1 in Maces & Flails
  1061 | D:2      | Reached skill level 1 in Polearms
  1061 | D:2      | Reached skill level 1 in Staves
  1061 | D:2      | Reached skill level 1 in Ranged Weapons
  1061 | D:2      | Reached skill level 1 in Throwing
  1061 | D:2      | Reached skill level 1 in Armour
  1061 | D:2      | Reached skill level 1 in Shields
  1061 | D:2      | Reached skill level 1 in Unarmed Combat
  1061 | D:2      | Reached skill level 1 in Evocations
  1223 | D:2      | Reached XP level 4. HP: 32/32 MP: 6/11
  1770 | D:3      | Noticed a black bear
  1771 | D:3      | Reached skill level 1 in Hexes
  1771 | D:3      | Reached skill level 1 in Summonings
  1771 | D:3      | Reached skill level 1 in Necromancy
  1771 | D:3      | Reached skill level 1 in Translocations
  1771 | D:3      | Reached skill level 1 in Transmutations
  1771 | D:3      | Reached skill level 1 in Fire Magic
  1771 | D:3      | Reached skill level 1 in Ice Magic
  1771 | D:3      | Reached skill level 1 in Air Magic
  1771 | D:3      | Reached skill level 1 in Earth Magic
  1771 | D:3      | Reached skill level 1 in Poison Magic
  1782 | D:3      | Killed a black bear
  1783 | D:3      | Reached XP level 5. HP: 30/37 MP: 2/12
  1992 | D:2      | Reached skill level 2 in Invocations
  2216 | D:3      | Found a shimmering blue altar of Sif Muna.
  2217 | D:3      | Found an opulent altar of Gozag.
  2287 | D:3      | Reached XP level 6. HP: 44/44 MP: 5/13
  2548 | D:3      | Found a basalt altar of Yredelemnul.
  2715 | D:3      | Found a faded altar of an unknown god.
  2834 | D:3      | Reached skill level 5 in Dodging
  2882 | D:3      | Found an ancient bone altar of Kikubaaqudgha.
  3438 | D:4      | Reached skill level 2 in Fighting
  3438 | D:4      | Reached skill level 2 in Short Blades
  3438 | D:4      | Reached skill level 2 in Long Blades
  3438 | D:4      | Reached skill level 2 in Axes
  3438 | D:4      | Reached skill level 2 in Maces & Flails
  3438 | D:4      | Reached skill level 2 in Polearms
  3438 | D:4      | Reached skill level 2 in Staves
  3438 | D:4      | Reached skill level 2 in Ranged Weapons
  3438 | D:4      | Reached skill level 2 in Throwing
  3438 | D:4      | Reached skill level 2 in Armour
  3438 | D:4      | Reached skill level 2 in Shields
  3438 | D:4      | Reached skill level 2 in Unarmed Combat
  3438 | D:4      | Reached skill level 2 in Evocations
  3735 | D:4      | Noticed a +0 dagger
  3736 | D:4      | Noticed a +0 spear
  3737 | D:4      | Noticed a +0 short sword
  3737 | D:4      | Noticed a +0 spear
  3738 | D:4      | Noticed a +0 short sword
  3738 | D:4      | Noticed a +0 dagger
  3740 | D:4      | Noticed a +0 falchion
  3740 | D:4      | Noticed a +0 falchion
  3822 | D:4      | Found a hide-covered altar of Uskayaw.
  3875 | D:4      | Noticed an ice beast
  3898 | D:4      | Reached XP level 7. HP: 38/50 MP: 7/15
  3926 | D:4      | Found a glowing drain.
  4005 | Sewer    | Entered a sewer
  4186 | Sewer    | Reached skill level 2 in Hexes
  4186 | Sewer    | Reached skill level 2 in Summonings
  4186 | Sewer    | Reached skill level 2 in Necromancy
  4186 | Sewer    | Reached skill level 2 in Translocations
  4186 | Sewer    | Reached skill level 2 in Transmutations
  4186 | Sewer    | Reached skill level 2 in Fire Magic
  4186 | Sewer    | Reached skill level 2 in Ice Magic
  4186 | Sewer    | Reached skill level 2 in Air Magic
  4186 | Sewer    | Reached skill level 2 in Earth Magic
  4186 | Sewer    | Reached skill level 2 in Poison Magic
  4398 | Sewer    | Reached skill level 5 in Stealth
  4401 | Sewer    | Reached skill level 3 in Invocations
  4974 | Sewer    | Reached skill level 3 in Fighting
  4974 | Sewer    | Reached skill level 3 in Short Blades
  4974 | Sewer    | Reached skill level 3 in Long Blades
  4974 | Sewer    | Reached skill level 3 in Axes
  4974 | Sewer    | Reached skill level 3 in Maces & Flails
  4974 | Sewer    | Reached skill level 3 in Polearms
  4974 | Sewer    | Reached skill level 3 in Staves
  4974 | Sewer    | Reached skill level 3 in Ranged Weapons
  4974 | Sewer    | Reached skill level 3 in Throwing
  4974 | Sewer    | Reached skill level 3 in Armour
  4974 | Sewer    | Reached skill level 3 in Shields
  4974 | Sewer    | Reached skill level 3 in Unarmed Combat
  4974 | Sewer    | Reached skill level 3 in Evocations
  4974 | Sewer    | Reached XP level 8. HP: 47/58 MP: 8/16
  5112 | D:4      | Slain by an ice beast

Vanquished Creatures
  A black bear (D:3)
  A phantom (D:4)
  6 kobold brigands (Sewer)
  A scorpion (D:4)
  An orc wizard (D:4)
  6 gnolls
  4 adders
  A river rat (D:4)
  2 worms
  2 dart slugs
  10 orcs
  7 bats
  9 endoplasms
  4 giant cockroaches
  4 goblins
  4 hobgoblins
  4 jackals (D:2)
  5 quokkas
  12 ball pythons
  6 frilled lizards
  20 kobolds
  8 rats
  A spectral orc (D:3)
119 creatures vanquished.

Vanquished Creatures (others)
  7 fungi
  10 plants
17 creatures vanquished.

Grand Total: 136 creatures vanquished
